PCL
SAN JOSE MISSIONS @ PORTLAND BEAVERS
07/05/1982
 
TOP OF THE 1ST
San Jose Missions batting - Pitching for Portland Beavers : RHP Nate Snell
Pitching: RHP Nate Snell
Batting: SHB Curt Bryan 0-0: Foul Ball, location: 2F
0-1: Foul Ball, location: 2F
0-2: Foul Ball, location: 2F
0-2: SINGLE (Line Drive, 89S, EV 103.1 MPH)
Batting: RHB Paul Runge 0-0: SINGLE (Line Drive, 56D, EV 102.5 MPH)
Curt Bryan to second
Batting: SHB Bip Roberts 0-0: Ball
1-0: Ball
2-0: Fielders Choice at 2nd, 6-4 (Groundball, 56, EV 108.1 MPH)
Curt Bryan to third
Batting: LHB Marvell Wynne 0-0: Ball
Bip Roberts is caught stealing 2nd base 2-6
1-0: Foul Ball, location: 2F
1-1: Foul Ball, location: 2F
1-2: Fly out, F7 (Line Drive, 7D, EV 90.6 MPH)
Top of the 1st over - 0 runs, 2 hits, 0 errors, 1 left on base; San Jose 0 - Portland 0
BOTTOM OF THE 1ST
Portland Beavers batting - Pitching for San Jose Missions : LHP Thomas Biko
Pitching: LHP Thomas Biko
Batting: SHB Wally Backman 0-0: Called Strike
0-1: Ball
1-1: Foul Ball, location: 2F
1-2: Ball
2-2: Strikes out looking
Batting: LHB Mike Gates 0-0: Ball
1-0: Ball
2-0: Foul Ball, location: 2F
2-1: Fly out, F9 (Flyball, 9, EV 91.3 MPH)
Batting: RHB Martinho Varandas 0-0: Called Strike
0-1: Ball
1-1: Foul Ball, location: 2F
1-2: Ball
2-2: Strikes out swinging
Bottom of the 1st over - 0 runs, 0 hits, 0 errors, 0 left on base; San Jose 0 - Portland 0
TOP OF THE 2ND
San Jose Missions batting - Pitching for Portland Beavers : RHP Nate Snell
Batting: RHB Ozzie Virgil 0-0: Ball
1-0: Fly out, F9 (Flyball, 89S, EV 77.5 MPH)
Batting: SHB David Piller 0-0: Ground out 6-3 (Groundball, 6, EV 86.9 MPH)
Batting: LHB Steven Michael 0-0: Ball
1-0: Ball
2-0: Called Strike
2-1: Swinging Strike
2-2: Ball
3-2: Foul Ball, location: 2F
3-2: Strikes out swinging
Top of the 2nd over - 0 runs, 0 hits, 0 errors, 0 left on base; San Jose 0 - Portland 0
BOTTOM OF THE 2ND
Portland Beavers batting - Pitching for San Jose Missions : LHP Thomas Biko
Batting: LHB Harold Baines 0-0: Ball
1-0: Called Strike
1-1: Ball
2-1: Ball
3-1: Foul Ball, location: 2F
3-2: Foul Ball, location: 2F
3-2: Strikes out swinging
Batting: LHB Andre David 0-0: Swinging Strike
0-1: Called Strike
0-2: Ball
1-2: Foul Ball, location: 2F
1-2: Foul Ball, location: 2F
1-2: SINGLE (Groundball, 4D, EV 103.8 MPH)
Batting: RHB Skeeter Barnes 0-0: Called Strike
0-1: Ball
Andre David is caught stealing 2nd base 2-4
1-1: Ball
2-1: Fly out, F8 (Flyball, 8LS, EV 90.0 MPH)
Bottom of the 2nd over - 0 runs, 1 hit, 0 errors, 0 left on base; San Jose 0 - Portland 0
TOP OF THE 3RD
San Jose Missions batting - Pitching for Portland Beavers : RHP Nate Snell
Batting: RHB Pablo Cardiel 0-0: Ball
1-0: Foul Ball, location: 2F
1-1: Ground out 5-3 (Groundball, 56, EV 104.4 MPH)
Batting: LHB Jesus Valerio 0-0: Foul Ball, location: 2F
0-1: Ball
1-1: Ball
2-1: SINGLE (Flyball, 8RS, EV 97.5 MPH)
Batting: SHB Curt Bryan 0-0: Called Strike
0-1: Ball
1-1: Ball
Jesus Valerio is caught stealing 2nd base 2-6
2-1: SINGLE (Flyball, 56D, EV 91.9 MPH)
Batting: RHB Paul Runge 0-0: Called Strike
0-1: Swinging Strike
0-2: Foul Ball, location: 2F
0-2: Ball
1-2: Ball
2-2: Foul Ball, location: 2F
2-2: Foul Ball, location: 2F
2-2: Foul Ball, location: 2F
2-2: Ball
3-2: Fly out, F6 (Line Drive, 6, EV 71.9 MPH)
Top of the 3rd over - 0 runs, 2 hits, 0 errors, 1 left on base; San Jose 0 - Portland 0
BOTTOM OF THE 3RD
Portland Beavers batting - Pitching for San Jose Missions : LHP Thomas Biko
Batting: RHB Pepe Mangual 0-0: Called Strike
0-1: Fly out, F2 (Popup, 3SF, EV 81.3 MPH)
Batting: RHB Tim Laudner 0-0: Called Strike
0-1: Ball
1-1: Swinging Strike
1-2: Strikes out looking
Batting: LHB Pat Sheridan 0-0: Foul Ball, location: 2F
0-1: SINGLE (Line Drive, 56D, EV 98.8 MPH)
Batting: SHB Wally Backman 0-0: Ball
1-0: SINGLE (Groundball, 4D, EV 107.5 MPH)
Pat Sheridan to second
Runner from 2nd tries for 3rd, SAFE, throw by CF made to third
Batting: LHB Mike Gates 0-0: SINGLE (Groundball, 34D, EV 95.0 MPH)
Pat Sheridan scores
Wally Backman to second
Runner from 2nd tries for 3rd, SAFE, throw by RF made to third
Batting: RHB Martinho Varandas 0-0: Ball
1-0: Ball
2-0: Ball
3-0: Base on Balls
Mike Gates to second
Batting: LHB Harold Baines 0-0: Fly out, F7 (Flyball, 7, EV 86.3 MPH)
Bottom of the 3rd over - 1 run, 3 hits, 0 errors, 3 left on base; San Jose 0 - Portland 1
TOP OF THE 4TH
San Jose Missions batting - Pitching for Portland Beavers : RHP Nate Snell
Batting: SHB Bip Roberts 0-0: Foul Ball, location: 2F
0-1: SINGLE (Groundball, P, EV 83.8 MPH) (infield hit)
Batting: LHB Marvell Wynne 0-0: Fielders Choice at 2nd, 4-6 (Groundball, 4, EV 86.3 MPH)
Batting: RHB Ozzie Virgil 0-0: Ball
1-0: Called Strike
1-1: Foul Ball, location: 2F
1-2: Ball
2-2: Strikes out swinging
Batting: SHB David Piller 0-0: SINGLE (Groundball, 56D, EV 97.5 MPH)
Marvell Wynne to second
Marvell Wynne to third
Batting: LHB Steven Michael 0-0: Ball
1-0: Fly out, F8 (Flyball, 8RXD, EV 79.4 MPH)
Top of the 4th over - 0 runs, 2 hits, 0 errors, 2 left on base; San Jose 0 - Portland 1
BOTTOM OF THE 4TH
Portland Beavers batting - Pitching for San Jose Missions : LHP Thomas Biko
Batting: LHB Andre David 0-0: Ball
1-0: Ball
2-0: Foul Ball, location: 2F
2-1: Ball
3-1: Foul Ball, location: 2F
3-2: Ground out 4-3 (Groundball, 4, EV 78.1 MPH)
Batting: RHB Skeeter Barnes 0-0: Foul Ball, location: 2F
0-1: Foul Ball, location: 2F
0-2: Ground out 4-3 (Groundball, 4M, EV 90.0 MPH)
Batting: RHB Pepe Mangual 0-0: Called Strike
0-1: Ground out 6-3 (Groundball, 4M, EV 90.6 MPH)
Bottom of the 4th over - 0 runs, 0 hits, 0 errors, 0 left on base; San Jose 0 - Portland 1
TOP OF THE 5TH
San Jose Missions batting - Pitching for Portland Beavers : RHP Nate Snell
Batting: RHB Pablo Cardiel 0-0: Ball
1-0: Fly out, F7 (Flyball, 78S, EV 83.1 MPH)
Batting: LHB Jesus Valerio 0-0: Called Strike
0-1: Ground out 4-3 (Groundball, 4M, EV 86.9 MPH)
Batting: SHB Curt Bryan 0-0: Ball
1-0: Foul Ball, location: 2F
1-1: Swinging Strike
1-2: Ground out 6-3 (Groundball, 6, EV 93.1 MPH)
Top of the 5th over - 0 runs, 0 hits, 0 errors, 0 left on base; San Jose 0 - Portland 1
BOTTOM OF THE 5TH
Portland Beavers batting - Pitching for San Jose Missions : LHP Thomas Biko
Batting: RHB Tim Laudner 0-0: Swinging Strike
0-1: Ball
1-1: Fly out, F7 (Flyball, 78M, EV 80.6 MPH)
Batting: LHB Pat Sheridan 0-0: Swinging Strike
0-1: Ball
1-1: Ground out 3-1 (Groundball, 34S, EV 84.4 MPH)
Batting: SHB Wally Backman 0-0: Called Strike
0-1: Ball
1-1: Fly out, F6 (Popup, 6, EV 63.1 MPH)
Bottom of the 5th over - 0 runs, 0 hits, 0 errors, 0 left on base; San Jose 0 - Portland 1
TOP OF THE 6TH
San Jose Missions batting - Pitching for Portland Beavers : RHP Nate Snell
Batting: RHB Paul Runge 0-0: Ball
1-0: Ball
2-0: Foul Ball, location: 2F
2-1: SINGLE (Line Drive, 3D, EV 106.3 MPH)
Batting: SHB Bip Roberts 0-0: Ball
1-0: Foul Ball, location: 2F
1-1: Ball
2-1: Grounds out, U3 (Groundball, 3L, EV 108.1 MPH)
Batting: LHB Marvell Wynne 0-0: Called Strike
0-1: Ball
1-1: Ball
Paul Runge steals 3rd base
2-1: Foul Ball, location: 2F
2-2: Fly out, F9 (Line Drive, 9D, EV 96.3 MPH)
Runner from 3rd tags up, SCORES, no throw by RF
Batting: RHB Ozzie Virgil 0-0: Foul Ball, location: 2F
0-1: SINGLE (Line Drive, 6D, EV 95.6 MPH)
Batting: SHB David Piller 0-0: Swinging Strike
0-1: Fielders Choice at 2nd, 6-4 (Groundball, 6, EV 81.9 MPH)
Top of the 6th over - 1 run, 2 hits, 0 errors, 1 left on base; San Jose 1 - Portland 1
BOTTOM OF THE 6TH
Portland Beavers batting - Pitching for San Jose Missions : LHP Thomas Biko
Batting: LHB Mike Gates 0-0: Ball
1-0: Ball
2-0: Called Strike
2-1: Foul Ball, location: 2F
2-2: Foul Ball, location: 2F
2-2: Fly out, F8 (Flyball, 8RS, EV 76.3 MPH)
Batting: RHB Martinho Varandas 0-0: Ball
1-0: Ground out 4-3 (Groundball, 4, EV 102.5 MPH)
Batting: LHB Harold Baines 0-0: Ball
1-0: Foul Ball, location: 2F
1-1: Ball
2-1: Called Strike
2-2: Ball
3-2: Foul Ball, location: 2F
3-2: Foul Ball, location: 2F
3-2: Fly out, F7 (Flyball, 78S, EV 83.8 MPH)
Bottom of the 6th over - 0 runs, 0 hits, 0 errors, 0 left on base; San Jose 1 - Portland 1
TOP OF THE 7TH
San Jose Missions batting - Pitching for Portland Beavers : RHP Nate Snell
Batting: LHB Steven Michael 0-0: Ball
1-0: Ball
2-0: Ball
3-0: Base on Balls
Batting: RHB Pablo Cardiel 0-0: Ball
1-0: Bunt missed!
1-1: Bunt missed!
1-2: Ball
2-2: Grounds into double play, 6-4-3 (Groundball, 6, EV 88.8 MPH)
Batting: LHB Jesus Valerio 0-0: Called Strike
0-1: Foul Ball, location: 2F
0-2: DOUBLE (Flyball, 89XD, EV 100.6 MPH)
Batting: SHB Curt Bryan 0-0: Ball
1-0: Swinging Strike
1-1: Swinging Strike
1-2: Strikes out swinging
Top of the 7th over - 0 runs, 1 hit, 0 errors, 1 left on base; San Jose 1 - Portland 1
BOTTOM OF THE 7TH
Portland Beavers batting - Pitching for San Jose Missions : LHP Thomas Biko
Batting: LHB Andre David 0-0: Ball
1-0: Ball
2-0: Fly out, F7 (Flyball, 78M, EV 85.6 MPH)
Batting: RHB Skeeter Barnes 0-0: Fly out, F8 (Flyball, 8LD, EV 89.4 MPH)
Batting: RHB Pepe Mangual 0-0: Ball
1-0: Swinging Strike
1-1: Ball
2-1: Fly out, F8 (Flyball, 89M, EV 93.8 MPH)
Bottom of the 7th over - 0 runs, 0 hits, 0 errors, 0 left on base; San Jose 1 - Portland 1
TOP OF THE 8TH
San Jose Missions batting - Pitching for Portland Beavers : RHP Nate Snell
Batting: RHB Paul Runge 0-0: Fly out, F9 (Flyball, 9D, EV 90.0 MPH)
Batting: SHB Bip Roberts 0-0: Ball
1-0: SINGLE (Line Drive, 6MD, EV 96.9 MPH)
Batting: LHB Marvell Wynne 0-0: Called Strike
0-1: Ball
1-1: Called Strike
1-2: Foul Ball, location: 2F
1-2: Ball
2-2: Fly out, F1 (Line Drive, P, EV 71.9 MPH)
Batting: RHB Ozzie Virgil 0-0: Foul Ball, location: 2F
0-1: Ball
1-1: Ball
2-1: Fly out, F9 (Flyball, 9S, EV 88.8 MPH)
Top of the 8th over - 0 runs, 1 hit, 0 errors, 1 left on base; San Jose 1 - Portland 1
BOTTOM OF THE 8TH
Portland Beavers batting - Pitching for San Jose Missions : LHP Thomas Biko
Batting: RHB Tim Laudner 0-0: Ball
1-0: Ball
2-0: Called Strike
2-1: Fly out, F3 (Popup, 3SF, EV 74.4 MPH)
Batting: LHB Pat Sheridan 0-0: Swinging Strike
0-1: Foul Ball, location: 2F
0-2: Ball
1-2: Strikes out swinging
Batting: SHB Wally Backman 0-0: Called Strike
0-1: Ball
1-1: Called Strike
1-2: Ground out 1-3 (Groundball, 13S, EV 71.9 MPH)
Bottom of the 8th over - 0 runs, 0 hits, 0 errors, 0 left on base; San Jose 1 - Portland 1
TOP OF THE 9TH
San Jose Missions batting - Pitching for Portland Beavers : RHP Nate Snell
Pitching: RHP Enrique Reyes
Batting: SHB David Piller 0-0: Fly out, F7 (Flyball, 7LM, EV 91.3 MPH)
Batting: LHB Steven Michael 0-0: Called Strike
0-1: Ball
1-1: Fly out, F7 (Flyball, 7S, EV 73.1 MPH)
Batting: LHB Rich Gedman 0-0: Called Strike
0-1: Ball
1-1: Ball
2-1: Foul Ball, location: 2F
2-2: Ball
3-2: Fly out, F7 (Flyball, 7D, EV 75.0 MPH)
Top of the 9th over - 0 runs, 0 hits, 0 errors, 0 left on base; San Jose 1 - Portland 1
BOTTOM OF THE 9TH
Portland Beavers batting - Pitching for San Jose Missions : LHP Thomas Biko
Pinch Hitting: RHB Brian J Giles 0-0: SINGLE (Groundball, 6MD, EV 105.0 MPH)
Batting: RHB Martinho Varandas 0-0: Ball
1-0: Ball
2-0: Ball
3-0: Called Strike
3-1: Called Strike
3-2: Foul Ball, location: 2F
3-2: Foul Ball, location: 2F
3-2: Fly out, F8 (Flyball, 8RXD, EV 86.9 MPH)
Pitching: RHP Kenneth Palmer
Batting: LHB Harold Baines 0-0: Ball
1-0: Called Strike
1-1: Fly out, F8 (Flyball, 8LS, EV 82.5 MPH)
Batting: LHB Andre David 0-0: Ball
1-0: DOUBLE (Line Drive, 78D, EV 108.8 MPH)
Brian J Giles to third
Runner from 3rd tries for Home, SAFE, throw by CF to trailing runner, SAFE at third!
Bottom of the 9th over - 1 run, 2 hits, 0 errors, 0 left on base; San Jose 1 - Portland 2
Thursday, August 13th, 2020 - OOTP Baseball 21.5 Build 76